 Dungeon Crawl Stone Soup version 0.20.0-15-g7f486f2 (webtiles) character file.

31 skittles the Firebug (level 3, 0/26 HPs)
             Began as a Draconian Fire Elementalist on June 17, 2017.
             Engulfed by a cloud of flame (26 damage)
             ... on level 1 of the Dungeon.
             The game lasted 00:02:20 (1118 turns).

skittles the Firebug (Draconian Fire Elementalist)  Turns: 1118, Time: 00:02:22

Health: 0/26       AC:  5    Str: 10    XL:     3   Next: 7%
Magic:  6/6        EV: 12    Int: 16    God:
Gold:   19         SH:  0    Dex: 11    Spells: 6/7 levels left

rFire    . . .     SeeInvis .   o - +0 spear
rCold    . . .     Gourm    .   (no shield)
rNeg     . . .     Faith    .   (armour unavailable)
rPois    .         Spirit   .   (helmet restricted)
rElec    .         Reflect  .   (no cloak)
rCorr    .         Harm     .   (no gloves)
MR       .....                  (no boots)
Stlth    ++........             (no amulet)
Regen    0.1/turn               (no ring)
MPRegen  0.1/turn               (no ring)

@: no status effects
A: unfitting armour, cold-blooded, AC +5
a: no special abilities


You were on level 1 of the Dungeon.
You were not hungry.

You visited 1 branch of the dungeon, and saw 1 of its levels.

You collected 19 gold pieces.

Inventory:

Hand Weapons
 o - a +0 spear (weapon)
Scrolls
 c - a scroll of fog {unknown}
 e - 2 scrolls of remove curse {unknown}
 h - 2 scrolls of teleportation {unknown}
 k - a scroll of magic mapping {unknown}
 l - a scroll of amnesia {unknown}
 n - a scroll of identify {unknown}
Potions
 f - 2 potions of agility {unknown}
 i - a potion of curing {unknown}
 j - a potion of degeneration {unknown}
 m - a potion of cancellation {unknown}
Books
 a - a book of Flames

   Spells                             Type                      Level
   a - Flame Tongue                   Conjuration/Fire             1
   b - Throw Flame                    Conjuration/Fire             2
   c - Conjure Flame                  Conjuration/Fire             3
   d - Inner Flame                    Hexes/Fire                   3
   e - Sticky Flame                   Conjuration/Fire             4
   f - Fireball                       Conjuration/Fire             5
Comestibles
 b - a bread ration
 d - 6 chunks of flesh


   Skills:
 - Level 1.7 Dodging
 - Level 1.7 Stealth
 + Level 2.5 Spellcasting
 + Level 1.6 Conjurations
 + Level 3.5 Fire Magic


You had 6 spell levels left.
You knew the following spells:

 Your Spells              Type           Power        Failure   Level  Hunger
a - Flame Tongue          Conj/Fire      ##...        7%          1    #......


Dungeon Overview and Level Annotations

Branches:
Dungeon (1/15)

Altars:


Innate Abilities, Weirdness & Mutations

Your plain brown scales are hard. (AC +5)
You cannot fit into any form of body armour.
You are cold-blooded and may be slowed by cold attacks.


Message History

d - 7 chunks of flesh (gained 3)
Things that are here:
a club; a hobgoblin skeleton
Things that are here:
a club; a hobgoblin skeleton Some of the chunks of flesh in your inventory have rotted away.
Found 22 gold pieces.
Really walk into a travel-excluded area? [Y]es or [N]o only, please.
Really walk into a travel-excluded area?
Really walk into that cloud of flame?
You enter a teleport trap!
The teleport trap disappears.
Your surroundings suddenly seem different.
There is an open door here.
You see here a club.
Partly explored, can't reach some places.
Really walk into a travel-excluded area?
You are engulfed in blazing flames.
Ouch! That really hurt!
You die...

###########.............#......#.
# #...................... ###
#.......####.........## ..#
#...#########.........## ..#
#§§§# #.............## ..# #§§§#
#.#######.....## ..# #§§§# #.#
#.....## ..########...#####.#
##>...## ......§.§.$$..§§@..#
######. ..##..§§§...$.§§§..# #.
..###.§§§..$$.§§§.## #.
..########...###### #. .....#
#§§§# #. ####.# #§§§# ###. #.#
#§§§# #... #.#####...# #.##
#........## #...


There were no monsters in sight!

Vanquished Creatures
  An ooze (D:1)
  A dart slug (D:1)
  A bat (D:1)
  A giant cockroach (D:1)
  4 goblins (D:1)
  5 hobgoblins (D:1)
  2 jackals (D:1)
  4 kobolds (D:1)
  2 frilled lizards (D:1)
  A rat (D:1)
22 creatures vanquished.

Notes
Turn   | Place    | Note
-------+----------+-------------------------------------------
     0 | D:1      | skittles the Draconian Fire Elementalist began the quest for the Orb.
     0 | D:1      | Reached XP level 1. HP: 14/14 MP: 3/3
   230 | D:1      | Reached XP level 2. HP: 20/20 MP: 5/5
   941 | D:1      | Reached XP level 3. HP: 26/26 MP: 6/6
  1118 | D:1      | Engulfed by a cloud of flame

Action                   || total
-------------------------++-------
Melee: Unarmed           ||    15
       Dagger            ||     6
       Tailslap          ||     7
       Hand axe          ||    34
       Spear             ||     5
 Cast: Flame Tongue      ||    10
 Stab: Sleeping          ||     2
  Eat: Chunk             ||     1
Armor: Skin              ||    14
Dodge: Dodged            ||    43
